 Dungeon Crawl Stone Soup version 0.29-a0-380-gf50f0a9fbc (webtiles) character file.

Game seed: 9230216833565901751

247244 Antichthon the Hoplite (level 19, -4/122 HPs)
             Began as a Gargoyle Fighter on May 6, 2022.
             Was the Champion of the Shining One.
             Killed by a resonance strike
             ... invoked by Zenata
              (38 damage)
             ... on level 1 of the Vaults.
             The game lasted 01:33:21 (49045 turns).

Antichthon the Hoplite (Gargoyle Fighter)          Turns: 49045, Time: 01:33:21

Health: -4/122     AC: 50    Str: 26    XL:     19   Next: 53%
Magic:  28/28      EV: 13    Int: 16    God:    the Shining One [******]
Gold:   1855       SH: 26    Dex:  9    Spells: 18/18 levels left

rFire   + . .      SeeInvis +   a - +5 morningstar "Lukhucro" {freeze, rF+ rN+}
rCold   . . .      Faith    .   j - +1 tower shield {rN+}
rNeg    + + +      Spirit   .   Q - +8 plate armour "Guabrigi" {rElec}
rPois   ∞          Reflect  +   H - +0 helmet
rElec   +          Harm     .   M - +2 cloak of the Thief {*Fog Slay-2 SInv Stlth+}
rCorr   .          Rampage  +   T - +1 pair of gloves
Will    ++...                   t - +2 pair of boots {rampage}
Stlth   ..........              D - amulet of reflection
HPRegen 0.30/turn               I - ring of willpower
MPRegen 0.21/turn               N - ring of Exhibitionism {EV+4 Str+5}

@: about to teleport, marked, flying, glowing
A: sickness immunity, AC +14, big wings, negative energy resistance 1,
electricity resistance, torment resistance 1, petrification resistance, wild
magic 1
}: 2/15 runes: decaying, serpentine
a: Renounce Religion, Divine Shield, Cleansing Flame, Summon Divine Warrior,
Brand Weapon With Holy Wrath


You were on level 1 of the Vaults.
You worshipped the Shining One.
The Shining One was exalted by your worship.
You visited 6 branches of the dungeon, and saw 32 of its levels.
You also visited: Sewer and Volcano.

You collected 4099 gold pieces.
You spent 2244 gold pieces at shops.

Inventory:

Hand Weapons
 a - the +5 morningstar "Lukhucro" (weapon) {freeze, rF+ rN+}
   (You found it on level 1 of the Swamp)

   It freezes those it strikes, dealing additional cold damage.
   It can also slow down cold-blooded creatures.
   rF:        It protects you from fire.
   rN:        It protects you from negative energy.
Armour
 j - a +1 tower shield of positive energy (worn)
 t - a +2 pair of boots of rampaging (worn)
 H - a +0 helmet (worn)
 M - the +2 cloak of the Thief (worn) {*Fog Slay-2 SInv Stlth+}
   (You bought it in a shop on level 1 of the Snake Pit)

   It may release a thick cloud of smoke when the wearer is hurt.
   Slay:      It affects your accuracy & damage with ranged weapons and melee
   (-2).
   SInv:      It lets you see invisible.
   Stlth:     It makes you more stealthy.
 Q - the +8 plate armour "Guabrigi" (worn) {rElec}
   (You acquired it on level 4 of the Lair of Beasts)

   rElec:     It insulates you from electricity.
 T - a +1 pair of gloves (worn)
Jewellery
 l - a ring of wizardry
 o - a ring of protection from cold
 p - an amulet of the acrobat
 r - a ring of protection from fire
 D - an amulet of reflection (around neck)
 I - a ring of willpower (left hand)
 N - the ring of Exhibitionism (right hand) {EV+4 Str+5}
   (You found it on level 1 of the Swamp)

   [ring of evasion]

   EV:        It affects your evasion (+4).
   Str:       It affects your strength (+5).
Wands
 n - a wand of flame (75)
 v - a wand of iceblast (23)
 w - a wand of charming (13)
 x - a wand of paralysis (21)
 y - a wand of acid (17)
 G - a wand of digging (22)
 O - a wand of polymorph (16)
 P - a wand of mindburst (17)
Scrolls
 e - 4 scrolls of teleportation
 f - 6 scrolls of amnesia
 h - 3 scrolls of identify
 m - 3 scrolls of fog
 q - 5 scrolls of summoning
 s - 10 scrolls of enchant weapon
 u - 3 scrolls of poison
 z - 4 scrolls of magic mapping
 C - 6 scrolls of vulnerability
 F - 7 scrolls of fear
 K - 5 scrolls of enchant armour
 L - 9 scrolls of immolation
Potions
 b - 7 potions of resistance
 c - 8 potions of haste
 d - 5 potions of might
 g - 3 potions of cancellation
 i - 5 potions of brilliance
 k - 6 potions of curing
 A - 4 potions of berserk rage
 B - a potion of invisibility
 E - 3 potions of magic
 R - 5 potions of lignification
 S - 3 potions of heal wounds


   Skills:
 * Level 14.4 Fighting
 * Level 17.5 Maces & Flails
 * Level 14.1 Armour
 * Level 9.6 Dodging
 * Level 21.1 Shields
 * Level 12.5 Invocations


You had 18 spell levels left.
You didn't know any spells.
Your spell library contained the following spells:

 Spells                   Type           Power      Damage    Failure   Level
 Freeze                   Ice            0%         1d3       99%         1
 Shock                    Conj/Air       0%         1d3       99%         1
 Passwall                 Tmut/Erth      0%         N/A       99%         2
 Scorch                   Fire           0%         2d5       99%         2
 Dazzling Flash           Conj/Hex       0%         N/A       100%        3
 Frozen Ramparts          Ice            0%         1d2       100%        3
 Ignite Poison            Fire/Tmut/Pois 0%         N/A       100%        3
 Mephitic Cloud           Conj/Pois/Air  0%         N/A       100%        3
 Spider Form              Tmut/Pois      0%         N/A       100%        3
 Stone Arrow              Conj/Erth      0%         3d7       100%        3
 Summon Guardian Golem    Hex/Summ       0%         N/A       100%        3
 Swiftness                Air            0%         N/A       100%        3
 Airstrike                Air            0%         N/A       100%        4
 Animate Armour           Summ/Erth      0%         N/A       100%        4
 Flame Wave               Conj/Fire      0%         2d4       100%        4
 Hailstorm                Conj/Ice       0%         3d3       100%        4
 Ice Form                 Ice/Tmut       0%         N/A       100%        4
 Iskenderun's Mystic Bla  Conj/Tloc      0%         2d3       100%        4
 Leda's Liquefaction      Hex/Erth       0%         N/A       100%        4
 Summon Ice Beast         Ice/Summ       0%         N/A       100%        4
 Agony                    Necr           0%         N/A       100%        5
 Freezing Cloud           Conj/Ice/Air   0%         6-21      100%        5
 Lee's Rapid Deconstruct  Erth           0%         3d5*      100%        5
 Silence                  Hex/Air        0%         N/A       100%        5
 Summon Forest            Summ/Tloc      0%         N/A       100%        5
 Summon Mana Viper        Hex/Summ       0%         N/A       100%        5
 Eringya's Noxious Bog    Tmut/Pois      0%         N/A       100%        6
 Simulacrum               Ice/Necr       0%         N/A       100%        6
 Starburst                Conj/Fire      0%         6d3       100%        6
 Summon Cactus Giant      Summ           0%         N/A       100%        6
 Monstrous Menagerie      Summ           0%         N/A       100%        7
 Orb of Destruction       Conj           0%         9d5       100%        7
 Spellforged Servitor     Conj/Summ      0%         N/A       100%        7
 Summon Hydra             Summ           0%         N/A       100%        7
 Lehudib's Crystal Spear  Conj/Erth      0%         10d2      100%        8
 Polar Vortex             Ice            0%         N/A       100%        9
 Statue Form              Tmut/Erth      Unusable   N/A       N/A         6

Dungeon Overview and Level Annotations

Branches:
Dungeon (15/15)            Temple (0/1) D:7            Lair (6/6) D:11
  Swamp (4/4) Lair:3        Snake (4/4) Lair:3        Slime (0/5) Lair:5
    Orc (2/2) D:9             Elf (0/3) Orc:2        Vaults (1/5) D:13
 Depths (0/4) D:15          Sewer (visited)         Volcano (visited)

Altars:
Cheibriados
Dithmenos
Elyvilon
Fedhas
Hepliaklqana
Kikubaaqudgha
Makhleb
Nemelex Xobeh
Okawaru
Trog
Uskayaw
Wu Jian
Xom
Yredelemnul
The Shining One
Beogh

Shops:
Orc:2 ?:?(   Snake:1 [!:   Snake:3 [*   Vaults:1 [=

Portals:
Trove: D:12 (give +5 demon whip)

Annotations:
D:15 3 runed translucent doors, Eliad's ghost, adept DEFE
Vaults:1 Zenata


Innate Abilities, Weirdness & Mutations

You are immune to sickness and miasma.
Your stone body is resilient. (AC +14)
You are immune to poison.
Your large and strong wings let you fly.
You resist negative energy. (rN+)
You are resistant to electric shocks. (rElec)
You are resistant to unholy torment.
You are immune to petrification.
Your spells are a little harder to cast, but a little more powerful.


Message History

You puncture the centaur warrior! You freeze the centaur warrior.
The centaur warrior is moderately wounded.
The centaur warrior hits you!
The centaur warrior completely misses you.
You block the lindwurm's attack. x2
The lindwurm claws you but does no damage.
The centaur warrior hits you but does no damage.
You block the centaur warrior's attack.
You sock the lindwurm! You freeze the lindwurm.
You kill the lindwurm!
You block the centaur warrior's attack. x2
Unknown command.
You hit the centaur warrior. You freeze the centaur warrior.
The centaur warrior is moderately wounded.
You block the centaur warrior's attack. x2
You sock the centaur warrior! You freeze the centaur warrior.
The centaur warrior is severely wounded.
You block the centaur warrior's attack. The centaur warrior closely misses you.
You barely miss the centaur warrior.
The centaur warrior is heavily wounded.
The centaur warrior hits you! You block the centaur warrior's attack.
Zenata sends weapons flying into battle!
You puncture the centaur warrior! You freeze the centaur warrior.
The centaur warrior is almost dead.
You block the centaur warrior's attack. x2
The +1 flail of protection hits you.
* * * LOW HITPOINT WARNING * * *
The centaur warrior hits you but does no damage.
The centaur warrior kicks you but does no damage.
As you read the scroll of teleportation, it crumbles to dust.
You feel strangely unstable.
You block the +1 flail of protection's attack.
The +1 flail of protection barely misses you.
You block the +3 glaive of protection's attack.
The +2 battleaxe of flaming closely misses you.
The centaur warrior hits you but does no damage.
You block the centaur warrior's attack. Zenata gestures at you while chanting.
A blast of power from the earth and the adjacent constructs strikes you!
You die...

....... #..# ###+++##
#..# #...)[)# #..#
#...)..# #..# #...)..#
#..#
#......##......##..#
#..§§§§##......##..#
#..§§§§##......##..#
#..§c@§##......##..#
#...((a##......##..#
#..§((§##......##..#
#...§.§##......##..#
########'##'###'###..#
.....................#
.....................#
.....................#
.....................#


You could see Zenata, a centaur warrior and 4 dancing weapons.

Vanquished Creatures
  the Lernaean hydra (Swamp:4)
  A tentacled monstrosity (Swamp:3)
  The ghost of swappor the Warrior, an adept MiBe of Trog (Swamp:1)
  A thorn hunter (Swamp:1)
  Kirke (Swamp:3)
  Roxanne (Swamp:3)
  A fenstrider witch (Swamp:3)
  The ghost of Juvaocw the Spry, an adept DjGl of Gozag (Swamp:2)
  4 nagarajas
  An orc warlord (D:9)
  A vault warden (Vaults:1)
  3 ghouls
  An ironbound preserver (D:13)
  2 war gargoyles (Vaults:1)
  3 bunyips
  Nessos (D:15)
  4 eleionomae
  A red draconian (Volcano)
  3 fire dragons
  A shambling mangrove (Swamp:4)
  4 ogre magi (Orc:2)
  Fannar (D:12)
  Harold (D:9)
  An ironbound frostheart (Vaults:1)
  27 hydras
  2 boulder beetles
  3 ghost crabs
  7 anacondas
  8 alligators
  18 naga warriors
  11 salamander tyrants
  3 catoblepae
  9 centaur warriors
  17 two-headed ogres
  2 dancing weapons (D:13)
  A tengu warrior (D:13)
  5 death yaks (Lair:6)
  8 shock serpents
  Sonja (D:11)
  14 naga sharpshooters
  5 salamander mystics
  4 goliath frogs
  12 swamp dragons
  5 sea snakes
  4 deep trolls
  2 naga ritualists
  9 bog bodies
  3 ironbound convokers (Vaults:1)
  4 deep elf pyromancers
  8 lindwurms
  4 orc sorcerers
  4 mana vipers
  An orc knight (Orc:1)
  8 ugly things
  30 salamanders
  4 cyclopes
  An oklob plant (Snake:4)
  8 will-o-the-wisps
  9 guardian serpents
  3 manticores
  30 black mambas
  3 elephants (Lair:6)
  15 naga magi
  7 vault sentinels
  2 molten gargoyles (Volcano)
  9 centaur zombies (D:13)
  2 gargoyles
  11 cane toads
  An unseen horror (D:9)
  15 komodo dragons
  7 yaktaurs
  13 rime drakes
  2 tengu conjurers
  A freezing wraith (D:14)
  3 meliai (D:13)
  8 trolls
  10 hornets
  6 tyrant leeches
  7 dream sheep
  6 polar bears
  A tarantella (shapeshifter) (D:13)
  4 blink frogs (Lair:2)
  16 slime creatures
  5 meliai zombies (D:13)
  2 water elementals (D:14)
  16 spriggans
  A wraith (D:12)
  44 yaks
  Sigmund (D:2)
  3 wyverns
  5 fire bats
  2 hogs (Swamp:3)
  Grum (D:9)
  4 basilisks
  8 steam dragons (Lair:4)
  12 vampire mosquitoes
  Menkaure (D:4)
  6 wargs
  2 acid dragons
  18 swamp worms
  50 nagas
  14 water moccasins
  Duvessa (D:4)
  9 swamp drakes
  15 orc warriors
  2 sky beasts (D:7)
  4 black bears
  4 ice beasts
  29 ogres
  10 centaurs
  4 boggarts (Lair:6)
  42 wolves
  A phantom (D:5)
  3 kobold brigands
  5 earth elementals (D:15)
  11 bullfrogs
  6 gnoll sergeants
  3 scorpions
  2 necrophages (Swamp:3)
  7 wights
  Dowan (D:4)
  6 killer bees
  2 howler monkeys
  2 vampire bats (Lair:3)
  12 electric eels
  6 lava snakes (Volcano)
  3 hounds
  6 jellies
  10 orc priests
  13 iguanas
  Natasha (thrice) (D:4)
  16 orc wizards
  12 gnolls
  7 adders
  2 river rats (Sewer)
  2 shadow imps (D:5)
  2 white imps (D:7)
  An ufetubus (D:5)
  3 worms
  3 dart slugs
  68 orcs
  12 bats
  10 endoplasms
  6 giant cockroaches
  10 goblins
  5 hobgoblins
  6 jackals
  A quokka (D:1)
  7 ball pythons
  22 frilled lizards
  21 kobolds
  9 rats
1125 creatures vanquished.

Vanquished Creatures (others)
  Aizul (Snake:4)
  A goliath frog (Swamp:2)
  A deep elf pyromancer (D:13)
  3 bloated husks
  A hornet (Swamp:1)
  A slime creature (D:13)
  A spriggan (Swamp:1)
  4 humans (Swamp:4)
  2 swamp worms
  An orc (Orc:2)
  35 foxfires
  55 fungi
  146 plants
  27 withered plants (Swamp:1)
279 creatures vanquished.

Grand Total: 1404 creatures vanquished

Notes
Turn   | Place    | Note
-------+----------+-------------------------------------------
     0 | D:1      | Antichthon the Gargoyle Fighter began the quest for the
                  | Orb.
     0 | D:1      | Reached XP level 1. HP: 14/14 MP: 1/1
   325 | D:1      | Reached XP level 2. HP: 11/19 MP: 2/2
  1105 | D:2      | Reached XP level 3. HP: 23/23 MP: 3/3
  1182 | D:2      | Identified the +7 hand axe "Tesaa" {vorpal, rElec Int+4}
  1273 | D:2      | Noticed Sigmund
  1279 | D:2      | Killed Sigmund
  1280 | D:2      | Reached skill level 1 in Dodging
  1280 | D:2      | Reached skill level 1 in Invocations
  1280 | D:2      | Reached XP level 4. HP: 25/29 MP: 3/5
  1280 | D:2      | Reached XP level 5. HP: 29/33 MP: 3/6
  1955 | D:3      | Found a faded altar of an unknown god.
  1971 | D:3      | Reached skill level 4 in Shields
  2184 | D:3      | Reached XP level 6. HP: 38/38 MP: 7/7
  2254 | D:3      | You are sucked into a shaft and drop 3 floors!
  2293 | D:6      | Found a blossoming altar of Fedhas.
  2348 | D:6      | Noticed a water moccasin
  2356 | D:6      | Killed a water moccasin
  2442 | D:6      | Reached XP level 7. HP: 40/43 MP: 8/8
  2497 | D:6      | Found a glowing drain.
  2501 | D:5      | Entered Level 5 of the Dungeon
  2504 | D:5      | Reached skill level 5 in Shields
  2715 | Sewer    | Entered a sewer
  2759 | Sewer    | Reached skill level 5 in Armour
  3010 | Sewer    | Found a viscous altar of Jiyva.
  3320 | D:6      | Reached XP level 8. HP: 45/48 MP: 9/9
  3345 | D:6      | Reached skill level 6 in Shields
  3377 | D:6      | Found a white marble altar of Elyvilon.
  3696 | D:4      | Noticed Menkaure
  3709 | D:4      | Killed Menkaure
  3815 | D:3      | Found a glowing golden altar of the Shining One.
  3830 | D:3      | Became a worshipper of the Shining One
  3871 | D:3      | Found a shadowy altar of Dithmenos.
  4183 | D:4      | Found a bloodstained altar of Trog.
  4191 | D:4      | Reached skill level 5 in Maces & Flails
  4512 | D:4      | Reached skill level 5 in Fighting
  4698 | D:4      | Noticed Dowan
  4699 | D:4      | Noticed Duvessa
  4715 | D:4      | Killed Duvessa
  4738 | D:4      | Killed Dowan
  4906 | D:4      | Noticed Natasha
  4914 | D:4      | Killed Natasha
  5132 | D:4      | Reached XP level 9. HP: 54/54 MP: 11/11
  5269 | D:4      | Noticed Natasha
  5277 | D:4      | Killed Natasha
  5278 | D:4      | Reached skill level 7 in Shields
  5445 | D:4      | Noticed Natasha
  5451 | D:4      | Killed Natasha
  5752 | D:5      | Reached * piety under the Shining One
  6057 | D:5      | Found an ornate altar of the Wu Jian Council.
  6090 | D:5      | Found a snail-covered altar of Cheibriados.
  6465 | D:6      | Found a shimmering altar of Xom.
  7498 | D:7      | Found a staircase to the Ecumenical Temple.
  7563 | D:7      | Found a burning altar of Makhleb.
  7919 | D:8      | Found a hide-covered altar of Uskayaw.
  8392 | D:8      | Noticed a hornet
  8402 | D:8      | Killed a hornet
  8403 | D:8      | Reached skill level 8 in Shields
  8403 | D:8      | Reached XP level 10. HP: 57/60 MP: 13/13
  8986 | D:9      | Noticed a two-headed ogre
  8995 | D:8      | Killed a two-headed ogre
  9241 | D:9      | Noticed Grum
  9276 | D:9      | Killed Grum
  9508 | D:9      | Reached skill level 9 in Shields
  9508 | D:9      | Reached skill level 5 in Invocations
  9590 | D:9      | Found a sparkling altar of Nemelex Xobeh.
  9632 | D:9      | Found a staircase to the Orcish Mines.
  9897 | D:9      | Noticed Harold
  9935 | D:9      | Killed Harold
  9936 | D:9      | Reached XP level 11. HP: 39/66 MP: 15/15
  9936 | D:9      | Noticed a deep elf pyromancer
  9956 | D:9      | Killed a deep elf pyromancer
 10224 | D:9      | Reached ** piety under the Shining One
 10239 | D:9      | Reached skill level 10 in Shields
 10547 | D:10     | Entered Level 10 of the Dungeon
 10954 | D:10     | Reached skill level 10 in Maces & Flails
 11170 | D:10     | Found an ancient bone altar of Kikubaaqudgha.
 11457 | D:10     | Found a hazy altar of Hepliaklqana.
 11511 | D:10     | Gained mutation: You are weak. (Str -2) [potion of
                  | mutation]
 11512 | D:10     | Lost mutation: You are weak. (Str -2) [potion of mutation]
 11512 | D:10     | Gained mutation: You are partially covered in iridescent
                  | scales. (AC +2) [potion of mutation]
 11512 | D:10     | Gained mutation: You are frail. (-10% HP) [potion of
                  | mutation]
 11513 | D:10     | Lost mutation: You are frail. (-10% HP) [potion of
                  | mutation]
 11513 | D:10     | Lost mutation: You are partially covered in iridescent
                  | scales. (AC +2) [potion of mutation]
 11513 | D:10     | Gained mutation: Your body sometimes deteriorates upon
                  | taking damage. [potion of mutation]
 11513 | D:10     | Gained mutation: You are somewhat resistant to further
                  | mutation. [potion of mutation]
 11611 | D:11     | Found a staircase to the Lair.
 11627 | D:11     | Lost mutation: You are somewhat resistant to further
                  | mutation. [potion of mutation]
 11627 | D:11     | Lost mutation: Your body sometimes deteriorates upon taking
                  | damage. [potion of mutation]
 11627 | D:11     | Gained mutation: Your spells are a little easier to cast,
                  | but a little less powerful. [potion of mutation]
 11627 | D:11     | Gained mutation: Your flesh is cold resistant. (rC+)
                  | [potion of mutation]
 11627 | D:11     | Gained mutation: You are frail. (-10% HP) [potion of
                  | mutation]
 11627 | D:11     | Gained mutation: You have hidden genetic potential. [potion
                  | of mutation]
 11651 | D:11     | Noticed a manticore
 11661 | D:11     | Killed a manticore
 11961 | D:11     | Noticed Sonja
 11991 | D:11     | Killed Sonja
 12153 | D:11     | Noticed a cyclops
 12164 | D:11     | Killed a cyclops
 12482 | D:12     | Noticed Fannar
 12854 | D:12     | Killed Fannar
 13138 | Lair:1   | Entered Level 1 of the Lair of Beasts
 13173 | Lair:1   | Reached skill level 11 in Shields
 13173 | Lair:1   | Reached XP level 12. HP: 64/64 MP: 16/16
 13189 | Lair:1   | Noticed a seven-headed hydra
 13197 | Lair:1   | Killed a seven-headed hydra
 13352 | Lair:1   | Reached skill level 5 in Dodging
 13443 | Lair:1   | Noticed a five-headed hydra
 13456 | Lair:1   | Killed a five-headed hydra
 14391 | Lair:2   | Gained mutation: You have a pair of small horns on your
                  | head. [hidden potential]
 15105 | Lair:2   | Identified the +1 robe of the Mackerel {rElec rF+++ MP-9
                  | Dex-2}
 15129 | Lair:1   | Reached skill level 12 in Shields
 15872 | Lair:3   | Noticed a catoblepas
 15887 | Lair:3   | Killed a catoblepas
 16153 | Lair:3   | Found a staircase to the Snake Pit.
 16238 | Lair:3   | Reached XP level 13. HP: 64/71 MP: 18/18
 16427 | Lair:3   | Reached *** piety under the Shining One
 17185 | Lair:3   | Found a staircase to the Swamp.
 17340 | Lair:4   | Noticed a fire dragon
 17340 | Lair:4   | Gained mutation: Your flesh is very cold resistant. (rC++)
                  | [hidden potential]
 17340 | Lair:4   | Lost mutation: You have hidden genetic potential. [hidden
                  | potential expressed]
 17627 | Lair:4   | Killed a fire dragon
 17628 | Lair:4   | Reached skill level 13 in Shields
 17661 | Lair:4   | Reached skill level 10 in Armour
 18801 | Lair:4   | Identified a scroll of acquirement
 18802 | Lair:4   | Acquired the +8 plate armour "Guabrigi" {rElec}
 18993 | Lair:5   | Identified the +2 scale mail of the Tarantula {*Slow +Inv
                  | Will+ Stlth+}
 19296 | Lair:5   | Found a staircase to the Slime Pits.
 19843 | Lair:6   | Entered Level 6 of the Lair of Beasts
 20067 | Lair:6   | Gained mutation: Your large and strong wings let you fly.
                  | [Gargoyle growth]
 20067 | Lair:6   | Reached XP level 14. HP: 77/77 MP: 20/20
 20139 | Lair:6   | Reached **** piety under the Shining One
 20298 | Lair:6   | Reached skill level 14 in Shields
 21339 | Lair:6   | Reached skill level 10 in Fighting
 22334 | Orc:1    | Entered Level 1 of the Orcish Mines
 22365 | Orc:1    | Noticed an orc warlord
 22774 | D:9      | The Shining One protects you from harm!
 22776 | D:9      | Killed an orc warlord
 23136 | Orc:1    | Paralysed by an orc sorcerer for 2 turns
 23261 | D:9      | Reached skill level 15 in Shields
 24438 | Orc:2    | Entered Level 2 of the Orcish Mines
 24470 | Orc:2    | Reached ***** piety under the Shining One
 24518 | Orc:2    | Found a dark tunnel.
 24527 | Volcano  | Entered a volcano
 24745 | Volcano  | Found a bloodstained altar of Trog.
 24753 | Volcano  | Reached XP level 15. HP: 42/82 MP: 21/21
 25456 | Volcano  | Lost mutation: You are frail. (-10% HP) [potion of
                  | mutation]
 25456 | Volcano  | Lost mutation: Your spells are a little easier to cast, but
                  | a little less powerful. [potion of mutation]
 25456 | Volcano  | Lost mutation: Your flesh is very cold resistant. (rC++)
                  | [potion of mutation]
 25456 | Volcano  | Gained mutation: Your movements are slightly less
                  | encumbered by armour. (ER -2) [potion of mutation]
 25456 | Volcano  | Gained mutation: You are clumsy. (Dex -2) [potion of
                  | mutation]
 25456 | Volcano  | Gained mutation: You occasionally shout uncontrollably at
                  | your foes. [potion of mutation]
 26386 | Orc:2    | Paralysed by an orc sorcerer for 3 turns
 26456 | Orc:2    | Found Wuetuuc's Antique Weapon Emporium.
 26456 | Orc:2    | Found Ekiextic's Magic Scroll Boutique.
 26457 | Orc:2    | Found Qote's Book Boutique.
 26457 | Orc:2    | Found Wullec's Magic Scroll Shoppe.
 26471 | Orc:2    | Bought a scroll of enchant armour for 105 gold pieces
 26472 | Orc:2    | Bought a scroll of enchant weapon for 105 gold pieces
 26472 | Orc:2    | Bought a scroll of enchant weapon for 105 gold pieces
 26472 | Orc:2    | Bought 3 scrolls of enchant weapon for 315 gold pieces
 26472 | Orc:2    | Bought a scroll of summoning for 133 gold pieces
 26472 | Orc:2    | Bought a scroll of teleportation for 42 gold pieces
 26501 | Orc:2    | Found a staircase to the Elven Halls.
 27196 | Swamp:1  | Entered Level 1 of the Swamp
 27207 | Swamp:1  | Reached skill level 16 in Shields
 27532 | Lair:3   | Reached skill level 15 in Maces & Flails
 28104 | Swamp:1  | Noticed a thorn hunter
 28135 | Swamp:1  | Killed a thorn hunter
 29175 | Swamp:1  | Found a runed translucent door.
 29192 | Swamp:1  | Noticed swappor's ghost (adept MiBe)
 29259 | Swamp:1  | Killed swappor's ghost
 29266 | Swamp:1  | Identified the ring of Exhibitionism {EV+4 Str+5}
 29270 | Swamp:1  | Identified the +5 morningstar "Lukhucro" {freeze, rF+ rN+}
 29932 | Swamp:2  | Reached XP level 16. HP: 65/100 MP: 23/23
 30044 | Swamp:2  | Reached skill level 10 in Invocations
 30352 | Swamp:2  | Found a runed translucent gate.
 30352 | Swamp:2  | Found a runed translucent gate.
 30352 | Swamp:2  | Found a runed translucent gate.
 30361 | Swamp:2  | Noticed Juvaocw's ghost (adept DjGl)
 30734 | Swamp:3  | Noticed a fenstrider witch
 30735 | Swamp:3  | Noticed a tentacled monstrosity
 30735 | Swamp:3  | Reached ****** piety under the Shining One
 30831 | Swamp:3  | Killed a fenstrider witch
 30837 | Swamp:3  | HP: 3/100 [swamp worm (13)]
 30935 | Swamp:3  | Killed a tentacled monstrosity
 31444 | Swamp:3  | Identified Roxanne's Compendium of Moulding
 31444 | Swamp:3  | Noticed Roxanne
 31677 | Swamp:3  | HP: 3/100 [Roxanne/iron shot (39)]
 32073 | Swamp:3  | Killed Roxanne
 32200 | Swamp:4  | Entered Level 4 of the Swamp
 32239 | Swamp:3  | Reached skill level 17 in Shields
 32616 | Swamp:4  | Noticed Kirke
 32681 | Swamp:3  | Killed Kirke
 33416 | Swamp:4  | Noticed the 27-headed Lernaean hydra
 33769 | Swamp:4  | Killed the 27-headed Lernaean hydra
 34272 | Swamp:4  | Got a decaying rune of Zot
 34481 | Snake:1  | Entered Level 1 of the Snake Pit
 34492 | Snake:1  | Reached XP level 17. HP: 106/106 MP: 25/25
 34508 | Snake:1  | Found Festuho's Book Emporium.
 34510 | Snake:1  | Found Xojeit's Distillery.
 34512 | Snake:1  | Found Zaadih Koos's Antique Armour Emporium.
 34518 | Snake:1  | Bought a potion of mutation for 128 gold pieces
 34520 | Snake:1  | Bought a pair of runed boots for 262 gold pieces
 34520 | Snake:1  | Bought the +2 cloak of the Thief {*Fog Slay-2 SInv Stlth+}
                  | for 703 gold pieces
 34520 | Snake:1  | Found the +2 cloak of the Thief {*Fog Slay-2 SInv Stlth+}
 34530 | Snake:1  | Lost mutation: You are clumsy. (Dex -2) [potion of
                  | mutation]
 34530 | Snake:1  | Lost mutation: You have a pair of small horns on your head.
                  | [potion of mutation]
 34530 | Snake:1  | Lost mutation: You occasionally shout uncontrollably at
                  | your foes. [potion of mutation]
 34530 | Snake:1  | Gained mutation: You have a pair of small antennae on your
                  | head. [potion of mutation]
 35027 | Snake:1  | Reached skill level 18 in Shields
 38151 | Snake:3  | Found Etokaate's Assorted Antiques.
 38159 | Snake:3  | Bought a scroll of enchant weapon for 247 gold pieces
 38159 | Snake:3  | Bought a scroll of teleportation for 99 gold pieces
 38940 | Snake:3  | Reached skill level 19 in Shields
 39332 | Snake:3  | Found Nioxzusa's Superior Scales.
 39490 | Snake:4  | Entered Level 4 of the Snake Pit
 39650 | Snake:4  | Reached XP level 18. HP: 114/114 MP: 26/26
 39683 | Snake:4  | Noticed Aizul
 39706 | Snake:4  | Killed Aizul
 41366 | Snake:4  | Found a glowing golden altar of the Shining One.
 42819 | Snake:4  | Reached skill level 20 in Shields
 42959 | Snake:4  | Got a serpentine rune of Zot
 43321 | Swamp:2  | Killed Juvaocw's ghost
 43357 | Swamp:2  | Identified the +4 scimitar of Cowardice {elec, Str+3}
 43408 | Swamp:2  | Lost mutation: Your movements are slightly less encumbered
                  | by armour. (ER -2) [potion of mutation]
 43408 | Swamp:2  | Lost mutation: You have a pair of small antennae on your
                  | head. [potion of mutation]
 43408 | Swamp:2  | Gained mutation: Your spells are a little easier to cast,
                  | but a little less powerful. [potion of mutation]
 43940 | D:12     | Found a portal to a secret trove of treasure.
 44590 | D:13     | Found a basalt altar of Yredelemnul.
 45014 | D:13     | Reached XP level 19. HP: 53/120 MP: 28/28
 45317 | D:13     | Found a gate to the Vaults.
 46039 | D:14     | Found a shadowy altar of Dithmenos.
 46602 | D:15     | Entered Level 15 of the Dungeon
 46629 | D:15     | Found a runed translucent gate.
 46630 | D:15     | Found a runed translucent gate.
 46631 | D:15     | Found a runed translucent gate.
 46631 | D:15     | Noticed Eliad's ghost (adept DEFE)
 47124 | D:15     | Noticed Nessos
 47143 | D:15     | Killed Nessos
 47151 | D:15     | Found a staircase to the Depths.
 47415 | D:15     | Lost mutation: Your flesh is cold resistant. (rC+) [potion
                  | of mutation]
 47415 | D:15     | Lost mutation: Your spells are a little easier to cast, but
                  | a little less powerful. [potion of mutation]
 47415 | D:15     | Gained mutation: You are weak. (Str -2) [potion of
                  | mutation]
 47415 | D:15     | Lost mutation: You are weak. (Str -2) [potion of mutation]
 47415 | D:15     | Gained mutation: Your spells are a little harder to cast,
                  | but a little more powerful. [potion of mutation]
 47745 | D:15     | Found an iron altar of Okawaru.
 47846 | Vaults:1 | Entered Level 1 of the Vaults
 48207 | D:13     | Reached skill level 21 in Shields
 48687 | Vaults:1 | Noticed Zenata
 48699 | Vaults:1 | Found Doujoj's Jewellery Shop.
 48933 | Vaults:1 | Found Hiykiniw's Antique Armour Shop.
 49045 | Vaults:1 | Killed from afar by Zenata

Illustrated notes

Levels and vault maps discovered:
D:1:      sevenhm_arrival_forest_fort_large_2, layout_basic
D:2:      minmay_chambers_of_ones, layout_basic, uniq_sigmund
D:3:      layout_loops_cross, mainiacjoe_overflow_catch_the_wave,
          hellmonk_ecumenical_altar_crossroads
D:4:      layout_rooms, trog_three_pillars_becter, serial_co_window_serial,
          co_window_paths_a, co_window_paths_a, co_window_paths_a,
          co_window_paths_a, co_window_paths_b, co_window_of_opportunity_b,
          co_window_corner_b, co_window_corner_ca, co_window_2corner,
          co_window_paths_d, co_window_4corner_a, minmay_goblin_outpost,
          uniq_menkaure, uniq_duvessa, uniq_natasha
D:5:      layout_loops_cross, mainiacjoe_overflow_big_doors,
          nicolae_ossuary_entry_false_entrances
D:6:      layout_cave_pods, fedhas_ov_isle_minmay,
          nicolae_elyvilon_peaceful_grove, old_standard_altar,
          portal_sewer_entry_e
D:7:      layout_loops_corners, lemuel_round_altar,
          minmay_temple_entry_stoned_glass
D:8:      layout_cave_pods, mainiacjoe_overflow_boulevard, minmay_holes
D:9:      nicolae_cairo_tiling_large_dashed, layout_rooms,
          nemelex_xobeh_ov_fountains_minmay, minmay_orc_entry_guard_dogs,
          minmay_joined_circles, uniq_grum, uniq_harold
D:10:     layout_roguey, lemuel_coloured_pillars_altar,
          worldfamousw_hep_ancestral_shrine
D:11:     layout_cave_pools, lair_entry_dummy, uniq_sonja
D:12:     layout_basic, nicolae_trove_entry_columns, uniq_fannar
D:13:     minmay_bloctagon, layout_small_grid, erik_vaults_1,
          nicolae_yredelemnul_corpse_copse
D:14:     layout_cave_pools, nicolae_dithmenos_the_darkroom, chequers_big_river
D:15:     grunt_enter_depths_hoard, layout_gridville, small_statue_alley_a,
          gammafunk_ghost_fury_of_okawaru, hangedman_cracks_in_the_wall,
          uniq_nessos
Lair:1:   layout_regular_city, beast_lair_carwin_9, serial_bayou_shore_b,
          grunt_megastairs_1
Lair:2:   layout_regular_city, serial_forest, infiniplex_forest_fountain,
          infiniplex_forest_lined_room_2, infiniplex_forest_clump_curved,
          infiniplex_forest_clump_curved, infiniplex_forest_end_2,
          infiniplex_forest_clump_tiny, infiniplex_forest_lined_4_way,
          forest_entry_grove
Lair:3:   layout_roguey, palyth_hydra_swamp_entry, dummy_snake_entry,
          columned_hall_lemuel, chequers_serial_rivers_large_b, roderic_batcave,
          infiniplex_staircase_pool
Lair:4:   layout_gridlike, grunt_forest_small_clearings,
          bobbens_dragon_lair_wall
Lair:5:   lemuel_reptile_caves, layout_hall_layers,
          nicolae_slime_entry_slimehenge
Lair:6:   minmay_lair_end_enchanted_forest, layout_regular_city,
          small_statue_intersection
Swamp:1:  layout_basic_swamp, ebering_ghost_reflecting_pool, serial_swamp_ruin,
          evilmike_swamp_ruin_house_1, evilmike_swamp_ruin_house_4,
          evilmike_swamp_ruin_house_6, st_shrine_of_shade,
          infiniplex_staircase_pool_2
Swamp:2:  layout_basic_swamp, gammafunk_ghost_hydra_chop,
          evilmike_swamp_ruin_rubble_1
Swamp:3:  layout_falls_marsh, evilmike_swamp_ruin_house_3, uniq_roxanne
Swamp:4:  swamp_old_school, layout_basic_swamp, swamp_pool1, uniq_kirke
Snake:1:  layout_onion_interference, minmay_shop_star, lemuel_fruit_tree
Snake:2:  layout_layer_cave
Snake:3:  layout_basic, serial_shops, shop, nicolae_snake_round_shape_thing,
          st_stairs_1, hellmonk_scale_shop
Snake:4:  grunt_snake_rune_pools, layout_onion, lemuel_oklob_altar, uniq_aizul
Orc:1:    layout_diamond_mine, basic_altar, guppyfry_library_mini
Orc:2:    st_orc_ogre_mass, layout_caves, nicolae_volcano_entry_batcave
Vaults:1: ebering_ghost_rock_garden, nicolae_vaults_circle_grid_a,
          hangedman_vaults_hard_town_square, ontoclasm_vaults_eye,
          vaults_mumra_lcd, v_alt_pattern_3, hangedman_vaults_maws,
          hangedman_vaults_slice, layout_vaults_quadrants, serial_shops, shop,
          shop, shop_statue, uniq_zenata

Skill      XL: |  1  2  3  4  5  6  7  8  9 10 11 12 13 14 15 16 17 18 19 |
---------------+----------------------------------------------------------+-----
Maces & Flails | 3 4 5 7 9 10 11 13 14 15 16 17 | 17.5
Armour         | 4 5 6 7 8 9 10 11 12 13 14 | 14.1
Dodging        | 1 2 3 4 5 6 7 8 9 |  9.6
Invocations    | 1 2 3 4 5 6 7 8 9 10 11 12 | 12.5
Shields        | 4 5 6 8 9 11 12 13 15 16 17 19 20 21 | 21.1
Fighting       | 4 5 6 7 8 9 10 11 12 13 14 | 14.4

Action                   |  1- 3 |  4- 6 |  7- 9 | 10-12 | 13-15 | 16-18 | 19-21 || total
-------------------------+-------+-------+-------+-------+-------+-------+-------++-------
Melee: Flail             |    63 |       |       |       |       |       |       ||    63
       Hand axe          |     6 |    78 |    79 |       |       |       |       ||   163
       Morningstar       |       |       |   271 |   643 |  1463 |  1705 |   439 ||  4521
       Headbutt          |       |       |       |    46 |   455 |   136 |       ||   637
Invok: Cleansing Flame   |       |       |       |       |     1 |     2 |       ||     3
       Divine Shield     |       |       |       |       |     1 |       |       ||     1
Evoke: Wand              |       |       |       |     4 |       |     4 |       ||     8
  Use: Scroll            |     5 |     5 |     6 |     9 |     8 |     7 |     2 ||    42
       Potion            |       |       |     3 |    11 |     8 |     9 |     1 ||    32
Armor: Scale mail        |    58 |    47 |       |       |       |       |       ||   105
       Plate armour      |       |    16 |   238 |   277 |   713 |   860 |   187 ||  2291
Dodge: Dodged            |    37 |    24 |   106 |   291 |   499 |   532 |   106 ||  1595
       Repelled          |       |       |       |       |    10 |     7 |       ||    17
Block: Buckler           |    26 |     1 |       |       |       |       |       ||    27
       Tower shield      |       |    69 |   341 |   880 |  1973 |  2111 |   479 ||  5853
       Reflection        |       |       |       |    18 |    36 |   209 |    26 ||   289

Table legend: (Time is in decaauts)
 A = Elapsed time spent in this place.
 B = Non-inter-level travel time spent in this place.
 C = Inter-level travel time spent in this place.
 D = Time resting spent in this place.
 E = Time spent auto-exploring this place.
 F = Levels seen in this place.
 G = Mean time per level.
                   A        B        C        D        E       F      G
               +--------+--------+--------+--------+--------+-----+--------+
         Total |  49315 |  47139 |   2176 |   9968 |  25828 |  34 | 1450.4 |
       Dungeon |  18974 |  18116 |    858 |   2668 |  11473 |  15 | 1264.9 |
          Lair |  10912 |  10322 |    590 |   2161 |   5814 |   6 | 1818.7 |
         Swamp |   6148 |   5836 |    312 |   1896 |   2478 |   4 | 1537.0 |
     Snake Pit |   8526 |   8177 |    349 |   2330 |   3834 |   4 | 2131.5 |
  Orcish Mines |   2766 |   2701 |     65 |    364 |   1536 |   2 | 1383.0 |
        Vaults |    599 |    599 |      0 |    193 |    196 |   1 |  599.0 |
         Sewer |    426 |    426 |      0 |      0 |    252 |   1 |  426.0 |
       Volcano |    962 |    962 |      0 |    356 |    245 |   1 |  962.0 |
               +--------+--------+--------+--------+--------+-----+--------+

Top non-repeatable levels by time:
  Lair:3: 3119 daAuts
 Snake:3: 2700 daAuts
 Snake:4: 2626 daAuts
     D:9: 2548 daAuts
 Snake:2: 2099 daAuts
  Lair:6: 2048 daAuts
 Swamp:3: 1968 daAuts
    D:13: 1808 daAuts
 Swamp:4: 1646 daAuts
  Lair:4: 1603 daAuts
 Swamp:1: 1448 daAuts
  Lair:1: 1442 daAuts
   Orc:1: 1438 daAuts
  Lair:2: 1415 daAuts
     D:5: 1376 daAuts
